 Dungeon Crawl Stone Soup version 0.22.0-75-g3901e79 (webtiles) character file.

1222 inc the Destroyer (level 8, -6/52 HPs)
             Began as a Mummy Fire Elementalist on Sept 14, 2018.
             Was an Initiate of Gozag.
             Mangled by an orc warrior
             ... wielding a +0 halberd of protection
              (16 damage)
             ... on level 6 of the Dungeon.
             The game lasted 00:12:31 (7218 turns).

inc the Destroyer (Mummy Fire Elementalist)         Turns: 7218, Time: 00:12:31

Health: -6/52      AC:  6    Str: 11    XL:     8   Next: 23%
Magic:  2/12       EV: 12    Int: 19    God:    Gozag
Gold:   441        SH:  0    Dex: 12    Spells: 4/12 levels left

rFire    x x .     SeeInvis .   x - +0 dagger (venom)
rCold    + . .     Gourm    .   (no shield)
rNeg     + + +     Faith    .   a - +0 robe
rPois    ∞         Spirit   .   u - +0 helmet
rElec    .         Reflect  .   (no cloak)
rCorr    .         Harm     .   o - +1 pair of gloves
MR       ++...                  v - +0 pair of boots of Qobelaym {rF- Regen+ Int+2}
Stlth    ++........             (no amulet)
HPRegen  0.57/turn              l - ring of protection from magic
MPRegen  0.13/turn              (no ring)

@: very slightly contaminated
A: no food or potions, fire vulnerability, cold resistance 1, negative energy
resistance 3, torment resistance, unbreathing
a: Potion Petition, Call Merchant, Bribe Branch, Renounce Religion


You were on level 6 of the Dungeon.
You worshipped Gozag.
Gozag was aware of your devotion.
You were not hungry.

You visited 1 branch of the dungeon, and saw 6 of its levels.

You collected 496 gold pieces.
You paid 55 gold pieces to Gozag.

Inventory:

Hand Weapons
 c - a +0 rapier
 d - a +0 dagger
 f - a +0 short sword
 x - a +0 dagger of venom (weapon)
Armour
 a - a +0 robe (worn)
 o - a +1 pair of gloves (worn)
 r - a +0 buckler
 u - a +0 helmet (worn)
 v - the +0 pair of boots of Qobelaym (worn) {rF- Regen+ Int+2}
   (You found it on level 5 of the Dungeon)

   It affects your intelligence (+2).
   It makes you vulnerable to fire.
   It increases your rate of regeneration.
Jewellery
 l - a ring of protection from magic (left hand)
Wands
 b - a wand of random effects (10)
Scrolls
 e - 5 scrolls of identify {unknown}
 g - 2 scrolls of amnesia {unknown}
 h - 4 scrolls of magic mapping {unknown}
 i - a scroll of remove curse
 p - a scroll of enchant armour {unknown}
 q - 4 scrolls of teleportation {unknown}
 s - 2 scrolls of fear {unknown}
 w - a scroll of fog {unknown}
Potions
 j - a potion of might {unknown}
 m - a potion of ambrosia {unknown}
 n - a potion of curing {unknown}
 t - a potion of lignification {unknown}


   Skills:
 - Level 1.5 Dodging
 - Level 1.5 Stealth
 - Level 2.6 Spellcasting
 + Level 8.3 Conjurations
 - Level 2.4 Fire Magic


You had 4 spell levels left.
You knew the following spells:

 Your Spells              Type           Power        Failure   Level  Hunger
a - Flame Tongue          Conj/Fire      ###..        1%          1    N/A
b - Conjure Flame         Conj/Fire      ###.....     5%          3    N/A
c - Sticky Flame          Conj/Fire      ###.....     17%         4    N/A

Your spell library contained the following spells:

 Spells                   Type           Power        Failure   Level  Hunger
 Throw Flame              Conj/Fire      ###...       2%          2    N/A
 Inner Flame              Hex/Fire       #.......     28%         3    N/A
 Fireball                 Conj/Fire      ###.......   43%         5    N/A

Dungeon Overview and Level Annotations

Branches:
Dungeon (6/15)
 Temple: D:4-7

Altars:
Gozag
Makhleb
Ru

Annotations:
D:3 2 transporters, TotesWizzard's ghost, amateur HOBe


Innate Abilities, Weirdness & Mutations

You do not eat or drink.
Your flesh is vulnerable to fire.
You are immune to poison.
Your flesh is cold resistant. (rC+)
You are immune to negative energy. (rN+++)
You are immune to unholy pain and torment.
You can survive without breathing.


Message History

Confirm with . or Enter, or press ? or * to list all spells.
Aiming: Flame Tongue (safe; 1% risk of failure)
Press: ? - help, Shift-Dir - straight line, f/p - orc warrior
Aim: an orc warrior, wielding a halberd of protection and wearing a plate The flame tongue hits the orc warrior.
The orc warrior appears unharmed.
The orc warrior is lightly wounded.
The orc warrior hits you with a halberd of protection!
Casting: Flame Tongue (safe; 1% risk of failure)
Confirm with . or Enter, or press ? or * to list all spells.
Aiming: Sticky Flame (slightly dangerous; 17% risk of failure)
Press: ? - help, Shift-Dir - straight line, f/p - orc warrior
Aim: an orc warrior, wielding a halberd of protection and wearing a plate You miscast Sticky Flame.
A wave of violent energy washes through your body!
* * * LOW HITPOINT WARNING * * *
The orc warrior hits you with a halberd of protection.
* * * LOW HITPOINT WARNING * * *
The orc warrior hits you from afar with a halberd of protection!
You die...
Your body crumbles into a pile of gold.

######.####.## #.........#
≈.≈. #..# #.# #####.#####
)... +#.# #.# #.# ?P..
#≈###'## #.# ≈P≈.
#≈##...## #.# .(..
##≈#.....## ####.#
######≈##......## ##.##.#
≈≈≈...##........####.....#
#######.........@.......##
...# #...<...o.####...##
#.## ##.......## #..###
#.# ##.....## #....# #.#
##...## ####<# #.# ##'##
#.# #.# #.# #.# ..# #.#
#.# .## ##.## #.#


You could see an orc warrior.

Vanquished Creatures
  A basilisk (D:6)
  Eustachio (D:4)
  A sky beast (D:6)
  2 phantoms
  An ogre (D:4)
  A water moccasin skeleton (D:5)
  A scorpion (D:5)
  A hound (D:4)
  A centaur zombie (D:5)
  2 jellies (D:4)
  A centaur skeleton (D:4)
  An orc priest (D:3)
  2 bullfrog skeletons
  A worker ant (D:5)
  A hound skeleton (D:5)
  8 adders
  2 shadow imps
  7 oozes (D:4)
  An adder skeleton (D:4)
  5 worms
  2 leopard geckos
  6 orcs
  6 bats
  7 giant cockroaches
  7 goblins
  6 hobgoblins
  3 jackals (D:5)
  A quokka (D:4)
  A ball python (D:1)
  5 frilled lizards
  15 kobolds
  A leopard gecko zombie (D:5)
  A quokka skeleton (D:5)
  11 rats
113 creatures vanquished.

Vanquished Creatures (others)
  A fungus (D:4)
  2 plants (D:4)
  9 toadstools (D:4)
12 creatures vanquished.

Grand Total: 125 creatures vanquished

Notes
Turn   | Place    | Note
-------+----------+-------------------------------------------
     0 | D:1      | inc the Mummy Fire Elementalist began the quest for the
                  | Orb.
     0 | D:1      | Reached XP level 1. HP: 13/13 MP: 4/4
    16 | D:1      | Reached skill level 1 in Conjurations
   186 | D:1      | Found a burning altar of Makhleb.
   232 | D:1      | Reached XP level 2. HP: 19/19 MP: 2/5
   533 | D:1      | Reached skill level 2 in Conjurations
  1177 | D:2      | Reached XP level 3. HP: 24/24 MP: 5/7
  1512 | D:2      | Reached skill level 3 in Conjurations
  1701 | D:2      | Reached XP level 4. HP: 30/30 MP: 4/8
  2624 | D:3      | Found a transporter.
  2624 | D:3      | Noticed TotesWizzard's ghost (amateur HOBe)
  2624 | D:3      | Noticed an ogre
  2629 | D:3      | Found a transporter.
  2904 | D:3      | Reached skill level 4 in Conjurations
  2904 | D:3      | Reached XP level 5. HP: 35/35 MP: 1/9
  3255 | D:3      | Noticed an ogre
  3255 | D:3      | Noticed an ogre
  3376 | D:4      | Found a sacrificial altar of Ru.
  3440 | D:4      | Noticed Eustachio
  3737 | D:3      | Learned a level 3 spell: Conjure Flame
  3742 | D:3      | Learned a level 4 spell: Sticky Flame
  3751 | D:4      | Killed Eustachio
  3751 | D:4      | Reached skill level 5 in Conjurations
  3751 | D:4      | Reached XP level 6. HP: 32/41 MP: 0/10
  3990 | D:5      | Entered Level 5 of the Dungeon
  4197 | D:5      | Found an opulent altar of Gozag.
  4209 | D:5      | Became a worshipper of Gozag Ym Sagoz the Greedy
  4307 | D:5      | Reached skill level 6 in Conjurations
  4350 | D:5      | Reached XP level 7. HP: 41/46 MP: 2/11
  4547 | D:5      | Got a pair of transparent boots
  4553 | D:5      | Identified the cursed +0 pair of boots of Qobelaym {rF-
                  | Regen+ Int+2} (You found it on level 5 of the Dungeon)
  5185 | D:4      | Reached skill level 7 in Conjurations
  5983 | D:6      | HP: 1/46 [orc warrior/halberd of protection (23)]
  6606 | D:6      | Reached XP level 8. HP: 45/52 MP: 5/12
  6644 | D:6      | Reached skill level 8 in Conjurations
  7218 | D:6      | Mangled by an orc warrior

Skill      XL: |  1  2  3  4  5  6  7  8 |
---------------+-------------------------+-----
Conjurations   | 1 2 3 4 5 6 7 8 |  8.3
Dodging        | |  1.5
Stealth        | |  1.5
Spellcasting   | |  2.6
Fire Magic     | |  2.4

Action                   |  1- 3 |  4- 6 |  7- 9 || total
-------------------------+-------+-------+-------++-------
Melee: Unarmed           |    11 |       |       ||    11
       Short sword       |    17 |    15 |       ||    32
       Rapier            |       |     3 |     1 ||     4
       Dagger            |       |       |    10 ||    10
 Cast: Flame Tongue      |    67 |   106 |   104 ||   277
       Sticky Flame      |       |     1 |     5 ||     6
       Conjure Flame     |       |     4 |     5 ||     9
  Use: Scroll            |       |     2 |     2 ||     4
Armor: Robe              |     7 |    14 |     7 ||    28
Dodge: Dodged            |    48 |    44 |    32 ||   124
